 Dungeon Sprint DCSS version 0.20.1-1-g8b1a95d (webtiles) character file.

590 potatolord6000 the Caller (level 6, -6/54 (56) HPs)
             Began as a Demigod Summoner on Aug 30, 2017.
             Mangled by a tentacled starspawn (16 damage)
             ... in the Dungeon (Sprint V: "Ziggurat Sprint").
             The game lasted 00:05:42 (659 turns).

potatolord6000 the Caller (Demigod Summoner)         Turns: 659, Time: 00:05:43

HP:   -6/54 (56)    AC:  2    Str: 11    XL:     6   Next: 93%
MP:   6/24          EV: 15    Int: 41    God:
Gold: 0             SH:  0    Dex: 16    Spells: 2/16 levels left

rFire    . . .     SeeInvis .   j - +6 Majin-Bo {vamp, Archmagi MP+6 Int+6}
rCold    . . .     Gourm    .   (shield currently unavailable)
rNeg     . . .     Faith    .   a - +0 robe
rPois    .         Spirit   .   (no helmet)
rElec    .         Reflect  .   (no cloak)
rCorr    .         Harm     .   (no gloves)
MR       .....     NoTele   +   (no boots)
Stlth    ++........             (no amulet)
Regen    0.2/turn               m - +6 ring of intelligence
MPRegen  0.2/turn               n - +6 ring of intelligence

@: studying Slings
A: high mp 1
a: no special abilities


You were in the Dungeon.
You were not hungry.

You visited 1 branch

Inventory:

Hand Weapons
 j - the +6 Majin-Bo (weapon) {vamp, Archmagi MP+6 Int+6}
   (You found it in the Dungeon)

   It inflicts no extra harm, but heals its wielder when it wounds a living foe.
   It affects your intelligence (+6).
   It affects your magic capacity (+6).
Armour
 a - a +0 robe (worn)
Jewellery
 m - a +6 ring of intelligence (left hand)
 n - a +6 ring of intelligence (right hand)
Wands
 y - a wand of disintegration (4/24)
 C - a wand of iceblast (2/15)
 D - a wand of lightning (4/15)
 E - a wand of acid (4/15)
Scrolls
 i - 4 scrolls of blinking
 o - 4 scrolls of amnesia
 p - 3 scrolls of recharging
 q - 7 scrolls of fog
 r - a scroll of holy word
 s - 5 scrolls of identify
 t - 5 scrolls of remove curse
 u - 2 scrolls of fear
 G - a scroll of brand weapon
Potions
 d - 10 potions of curing
 e - 10 potions of heal wounds
 f - 6 potions of haste
 g - 7 potions of magic
 h - 3 potions of berserk rage
 v - 2 potions of brilliance
 w - 2 potions of invisibility
 x - 4 potions of resistance
 A - 5 potions of agility
 B - 5 potions of might
Books
 b - a book of Callings

   Spells                             Type                      Level
   a - Summon Small Mammal            Summoning                    1
   b - Call Imp                       Summoning                    2
   c - Call Canine Familiar           Summoning                    3
   d - Summon Guardian Golem          Hexes/Summoning              3
   e - Summon Lightning Spire         Summoning/Air                4
   f - Summon Ice Beast               Ice/Summoning                4
 z - Vehumet's Catalogue of Combat Magic
   (You found it in the Dungeon)

   Spells                             Type                      Level
   a - Static Discharge               Conjuration/Air              3
   b - Throw Icicle                   Conjuration/Ice              4
   c - Venom Bolt                     Conjuration/Poison           5
   d - Bolt of Fire                   Conjuration/Fire             6
 F - a manual of Slings
Comestibles
 c - 5 bread rations
 k - 42 fruits
 l - 2 meat rations


   Skills:
 - Level 5.1 Fighting
 + Level 5.9 Staves
 - Level 5.4 Dodging
 - Level 1.7 Stealth
 + Level 5.7 Spellcasting
 + Level 2.6 Conjurations
 + Level 7.0 Summonings
 + Level 5.9 Evocations


You had 2 spell levels left.
You knew the following spells:

 Your Spells              Type           Power        Failure   Level  Hunger
a - Summon Small Mammal   Summ           ####         1%          1    None
b - Call Canine Familiar  Summ           #######.     1%          3    None
c - Summon Ice Beast      Ice/Summ       ######..     6%          4    #......
d - Bolt of Fire          Conj/Fire      ####......   92%         6    ######.


Dungeon Overview and Level Annotations

Branches:
Dungeon (1/1)

Annotations:
D 1 transporter


Innate Abilities, Weirdness & Mutations

You have an increased reservoir of magic. (+10% MP)


Message History

Your ice beast closely misses the quasit.
Unknown command.
Casting: Summon Ice Beast
Confirm with . or Enter, or press ? or * to list all spells.
Okay, then.
Evoke which item? (* to show all) (? for menu, Esc to quit)
Aiming: Disintegrate
Press: ? - help, Shift-Dir - straight line, f - tentacled starspawn
Aim: a tentacled starspawn (moderately damaged, chance to defeat MR: 10%)
The tentacled starspawn resists with almost no effort.
This wand has 4 charges left.
The quasit bites your ice beast but does no damage.
The quasit closely misses your ice beast.
The quasit claws your ice beast but does no damage.
Your warg bites the starspawn tentacle!!
The starspawn tentacle is destroyed!
The quasit barely misses your ice beast.
The quasit claws your ice beast but does no damage. x2
The tentacled starspawn bites you!
You die...

▓.....▓.....▓▓▓▓▓▓▓
▓▓▓▓▓▓▓▓▓▓▓▓▓▓▓▓▓▓▓
▓..8©8...▓..8©8...▓
▓..[}=...▓..)}}...▓
▓........▓..[.|...▓
▓........▓........▓
▓........▓.55..h..▓
▓.▓....▓.▓.▓YXw.▓.▓
▓........▓.Y.@....▓
▓▓▓▓▓▓▓▓▓▓▓▓▓▓▓▓▓▓▓


You could see a tentacled starspawn, a starspawn tentacle, 2 quasits, a friendly
warg and 2 friendly ice beasts.

Vanquished Creatures
  A necrophage (D)
  4 scorpions (D)
  A wight (D)
  A quasit (D)
  A mummy (D)
  An ufetubus (D)
9 creatures vanquished.

Vanquished Creatures (collateral kills)
  2 tarantellas (D)
  A scorpion (D)
  A mummy (D)
  An adder zombie (D)
  A quokka zombie (D)
  A starspawn tentacle (D)
7 creatures vanquished.

Grand Total: 16 creatures vanquished

Notes
Turn   | Place    | Note
-------+----------+-------------------------------------------
     0 | D        | potatolord6000 the Demigod Summoner began the quest for the Orb.
     0 | D        | Reached XP level 1. HP: 14/14 MP: 5/5
     0 | D        | Found a deep blue altar of Sif Muna.
     0 | D        | Found a bloodstained altar of Trog.
     0 | D        | Found a sacrificial altar of Ru.
     0 | D        | Found a stormy altar of Qazlal.
     0 | D        | Found an iron altar of Okawaru.
     3 | D        | Found a sparkling altar of Nemelex Xobeh.
     4 | D        | Found an ancient bone altar of Kikubaaqudgha.
     4 | D        | Found a corrupted altar of Lugonu.
     4 | D        | Found a transporter.
     4 | D        | Found a burning altar of Makhleb.
     4 | D        | Found a viscous altar of Jiyva.
     4 | D        | Found a hazy altar of Hepliaklqana.
    31 | D        | Found an opulent altar of Gozag.
    32 | D        | Found a blossoming altar of Fedhas.
    93 | D        | Reached skill level 4 in Summonings
    93 | D        | Reached XP level 2. HP: 25/25 MP: 8/8
    94 | D        | Entered arena 2.
    94 | D        | Noticed a necrophage
    94 | D        | Noticed a wight
    94 | D        | Found a transporter.
    96 | D        | Killed a wight
    96 | D        | Reached XP level 3. HP: 31/31 MP: 10/10
   103 | D        | Killed a necrophage
   103 | D        | Reached skill level 5 in Summonings
   103 | D        | Reached XP level 4. HP: 17/38 MP: 13/13
   108 | D        | Got the ring of the Past {rF++ MR+ Int-3 Dex+4 SInv}
   280 | D        | Learned a level 3 spell: Call Canine Familiar
   285 | D        | Learned a level 4 spell: Summon Ice Beast
   327 | D        | Entered arena 3.
   327 | D        | Noticed a tarantella
   327 | D        | Found a transporter.
   329 | D        | Reached XP level 5. HP: 29/44 MP: 7/14
   332 | D        | Killed a tarantella
   332 | D        | Reached skill level 5 in Fighting
   332 | D        | Reached skill level 5 in Staves
   332 | D        | Reached skill level 5 in Dodging
   332 | D        | Reached skill level 5 in Spellcasting
   332 | D        | Reached skill level 6 in Summonings
   332 | D        | Reached skill level 5 in Evocations
   332 | D        | Reached XP level 6. HP: 36/54 MP: 8/17
   341 | D        | Identified Vehumet's Catalogue of Combat Magic (You found it in the Dungeon)
   349 | D        | Learned a level 6 spell: Bolt of Fire
   438 | D        | Entered arena 4.
   438 | D        | Noticed a tarantella
   438 | D        | Found a transporter.
   440 | D        | Reached skill level 1 in Conjurations
   443 | D        | Killed a tarantella
   544 | D        | Entered arena 5.
   544 | D        | Found a transporter.
   547 | D        | Reached skill level 7 in Summonings
   557 | D        | Got the ring "Leorgh" {rN++ AC+6}
   650 | D        | Entered arena 6.
   650 | D        | Noticed a tentacled starspawn
   650 | D        | Found a transporter.
   659 | D        | Mangled by a tentacled starspawn

Skill      XL: |  1  2  3  4  5  6 |
---------------+-------------------+-----
Fighting       | 2 3 4 5 |  5.1
Staves         | 2 3 4 5 |  5.9
Dodging        | 3 4 5 |  5.4
Spellcasting   | 3 4 5 |  5.7
Summonings     | 4 5 6 7 |  7.0
Evocations     | 2 3 4 5 |  5.9
Conjurations   | 2 |  2.6
Stealth        | |  1.7

Action                   |  1- 3 |  4- 6 || total
-------------------------+-------+-------++-------
Melee: Quarterstaff      |     5 |     5 ||    10
 Cast: Summon Ice Beast  |       |    15 ||    15
       Call Canine Famil |       |     5 ||     5
Evoke: Wand              |     4 |     4 ||     8
  Use: Potion            |     1 |       ||     1
 Stab: Distracted        |       |     1 ||     1
  Eat: Meat ration       |     2 |       ||     2
Armor: Robe              |     1 |     1 ||     2
Dodge: Dodged            |     2 |     4 ||     6
